 Dungeon Crawl Stone Soup version 0.23.1 (webtiles) character file.

Game seed: 4073623298548721384

417 PentaManta the Covert (level 7, 0/52 HPs)
             Began as a Kobold Monk on Mar 14, 2019.
             Succumbed to a scorpion's poison
             ... on level 4 of the Dungeon.
             The game lasted 00:11:55 (4125 turns).

PentaManta the Covert (Kobold Monk)                 Turns: 4125, Time: 00:11:56

Health: 0/52       AC:  2    Str:  8    XL:     7   Next: 15%
Magic:  7/7        EV: 18    Int: 11    God:
Gold:   285        SH:  0    Dex: 20    Spells: 6/6 levels left

rFire    . . .     SeeInvis .   a - +0 short sword
rCold    + . .     Gourm    .   (shield restricted)
rNeg     . . .     Faith    .   b - +0 robe
rPois    .         Spirit   .   (no helmet)
rElec    .         Reflect  .   (no cloak)
rCorr    .         Harm     .   e - +0 pair of gloves
MR       .....                  (no boots)
Stlth    +++++++...             (no amulet)
HPRegen  0.17/turn              p - ring of stealth
MPRegen  0.10/turn              h - ring of protection from cold

@: lethally poisoned (0 -> -3)
A: small, talons 1, carnivore, deformed body, sense surroundings 1, subdued
magic 1
a: no special abilities


You were on level 4 of the Dungeon.
You were very hungry.

You visited 1 branch of the dungeon, and saw 5 of its levels.

You collected 285 gold pieces.

Inventory:

Hand Weapons
 a - a +0 short sword (weapon)
 k - a +0 hunting sling
Missiles
 l - 146 stones (quivered)
Armour
 b - a +0 robe (worn)
 e - a +0 pair of gloves (worn)
 o - a +0 buckler
Jewellery
 h - a ring of protection from cold (right hand)
 p - a ring of stealth (left hand)
Scrolls
 d - 2 scrolls of remove curse
 f - 3 scrolls of fear
 j - a scroll of fog {unknown}
 m - a scroll of identify {unknown}
Comestibles
 c - 9 rations


   Skills:
 - Level 10.3 Fighting
 + Level 4.5 Short Blades
 * Level 4.6 Dodging
 - Level 13.0 Stealth


You had 6 spell levels left.
You didn't know any spells.
Your spell library contained the following spells:

 Spells                   Type           Power        Failure   Level  Hunger
 Confusing Touch          Hex            #.....       30%         1    ##.....
 Confuse                  Hex            #.......     67%         3    ####...
 Gell's Gravitas          Tloc           #.........   67%         3    ####...
 Petrify                  Tmut/Erth      #.......     97%         4    #####..
 Metabolic Englaciation   Hex/Ice        #.........   100%        5    ######.
 Yara's Violent Unravell  Hex/Tmut       #.........   100%        5    ######.


Dungeon Overview and Level Annotations

Branches:
Dungeon (5/15)
 Temple: D:4-7

Altars:
Ashenzari


Innate Abilities, Weirdness & Mutations

You are small and have problems with some larger weapons.
You are carnivorous and can eat meat at any time.
You have sharp toenails.
Armour fits poorly on your strangely shaped body.
You passively map a small area around you.
Your spells are a little easier to cast, but a little less powerful.


Message History

You feel sick.
* * * LOW HITPOINT WARNING * * *
You feel sick.
You see here a tomahawk.
* * * LOW HITPOINT WARNING * * *
You feel sick.
You see here a tomahawk.
You see here a tomahawk.
* * * LOW HITPOINT WARNING * * *
You feel sick.
A leopard gecko comes into view.
* * * LOW HITPOINT WARNING * * *
You feel sick.
A worker ant comes into view.
* * * LOW HITPOINT WARNING * * *
You feel sick.
* * * LOW HITPOINT WARNING * * *
You feel sick.
Found a dagger.
You die...

, ##### .............
......... , ,
............# #...######
,
#...........###.........
*
......l.................
*
#...........#...........
#.......................
.)......................
*
.......@................
.#..........#..(........
#..........#...(.......
*
#.#........##...(......
, #
##.....#.............
###.....##.###.(.#.. * *
a........>#......##
............####÷## ,,
.......(.(...†>..


You could see a leopard gecko (sleeping).

Vanquished Creatures
  A scorpion (D:4)
  A hound (D:4)
  An orc priest (D:3)
  2 orc wizards (D:3)
  An iguana (D:4)
  A worker ant (D:3)
  2 adders
  A shadow imp (D:5)
  An ooze (D:2)
  7 dart slugs
  A leopard gecko (D:1)
  7 orcs (D:3)
  5 bats
  2 giant cockroaches
  7 goblins
  11 hobgoblins
  2 jackals (D:3)
  A quokka (D:5)
  2 frilled lizards
  9 kobolds
  8 rats
73 creatures vanquished.

Notes
Turn   | Place    | Note
-------+----------+-------------------------------------------
     0 | D:1      | PentaManta the Kobold Monk began the quest for the Orb.
     0 | D:1      | Reached XP level 1. HP: 14/14 MP: 1/1
    91 | D:1      | Reached skill level 3 in Stealth
   373 | D:1      | Reached XP level 2. HP: 6/19 MP: 2/2
   893 | D:1      | Reached skill level 4 in Stealth
   984 | D:1      | Reached XP level 3. HP: 24/24 MP: 3/3
  1725 | D:2      | Reached XP level 4. HP: 26/29 MP: 4/4
  1775 | D:2      | Reached skill level 5 in Stealth
  2465 | D:3      | Found a shattered altar of Ashenzari.
  2578 | D:3      | Reached XP level 5. HP: 8/33 MP: 5/5
  2581 | D:3      | Gained mutation: You have sharp toenails. [potion of
                  | mutation]
  2581 | D:3      | Gained mutation: Armour fits poorly on your strangely
                  | shaped body. [potion of mutation]
  2581 | D:3      | Gained mutation: Your spells are a little easier to cast,
                  | but a little less powerful. [potion of mutation]
  2581 | D:3      | Gained mutation: You passively map a small area around you.
                  | [potion of mutation]
  2582 | D:3      | Reached skill level 10 in Fighting
  2582 | D:3      | Reached skill level 13 in Stealth
  2582 | D:3      | Reached XP level 6. HP: 3/48 MP: 6/6
  2582 | D:3      | HP: 2/48 [poisoned by a worker ant]
  3698 | D:5      | Entered Level 5 of the Dungeon
  3817 | D:4      | Noticed an ogre
  3841 | D:4      | Reached XP level 7. HP: 13/52 MP: 7/7
  4119 | D:4      | HP: 2/52 [poisoned by a scorpion]
  4125 | D:4      | Succumbed to a scorpion's poison

Skill      XL: |  1  2  3  4  5  6 |
---------------+-------------------+-----
Stealth        | 3 4 5 13 | 13.0
Fighting       | 4 10 | 10.3
Dodging        | 4 |  4.6
Short Blades   | |  4.5

Action                   |  1- 3 |  4- 6 |  7- 9 || total
-------------------------+-------+-------+-------++-------
Melee: Short sword       |   106 |   154 |    36 ||   296
       Kick              |       |    31 |    11 ||    42
Throw: Tomahawk          |     1 |    14 |       ||    15
       Stone             |       |    17 |     5 ||    22
  Use: Potion            |       |     6 |       ||     6
       Scroll            |       |     3 |       ||     3
 Stab: Sleeping          |     8 |    11 |       ||    19
  Eat: Chunk             |     6 |     3 |       ||     9
Armor: Robe              |    10 |    19 |     1 ||    30
Dodge: Dodged            |    53 |   103 |    22 ||   178
